 Dungeon Crawl Stone Soup version 0.31-a0-222-gefeffbb62a (webtiles) character file.

Game seed: 7674458668392995336

298 qw the Chopper (level 6, -1/38 HPs)
             Began as a Gargoyle Fighter on July 4, 2023.
             Was an Initiate of Okawaru.
             Slain by a worm (4 damage)
             ... on level 4 of the Dungeon.
             The game lasted 00:01:20 (2893 turns).

qw the Chopper (Gargoyle Fighter)                   Turns: 2893, Time: 00:01:21

Health: -1/38      AC: 37    Str: 25    XL:     6   Next: 36%
Magic:  15/15      EV:  4    Int: 14    God:    Okawaru [......]
Gold:   165        SH:  4    Dex:  9    Spells: 5/5 levels left

rFire   + . .        Y - +0 war axe (chaos)
rCold   x . .        c - +0 buckler
rNeg    + + .        j - +15 crystal plate armour "Guofacogao" {rC- MP+9 Stlth+}
rPois   inf          l - +0 helmet
rElec   +            (no cloak)
rCorr   .            (no gloves)
SInv    +            (no boots)
Will    .....        n - amulet of the acrobat Stlth
                     b - ring of see invisible
HPRegen 0.26/turn    k - ring "Letyh" {*Slow rF+ rN+ Str+3 Int+6}
MPRegen 0.14/turn

%: slow self (1%), acrobat
@: no status effects
A: sickness immunity, AC +4, negative energy resistance 1, electricity
resistance, torment resistance 1, petrification resistance
a: Renounce Religion


You were on level 4 of the Dungeon.
You worshipped Okawaru.
Okawaru was noncommittal.
You visited 2 branches of the dungeon, and saw 5 of its levels.

You collected 165 gold pieces.


Innate Abilities, Weirdness & Mutations

You are immune to sickness and miasma.
Your stone body is resilient. (AC +4)
You are immune to poison.
You resist negative energy. (rN+)
You are resistant to electric shocks. (rElec)
You are resistant to unholy torment.
You are immune to petrification.


   Skills:
 - Level 4.0 Fighting
 + Level 5.1 Axes
 - Level 4.2 Armour
 - Level 3.2 Shields


You had 5 spell levels left.
You didn't know any spells.
Your spell library was empty.

Inventory:

Hand Weapons
 e - a +0 flail
 Y - a +0 war axe of chaos (weapon)
Armour
 c - a +0 buckler (worn)
 j - the +15 crystal plate armour "Guofacogao" (worn) {rC- MP+9 Stlth+}
   (You acquired it on level 3 of the Dungeon)

   rC:        It makes you vulnerable to cold.
   MP:        It affects your magic capacity (+9).
   Stlth:     It makes you more stealthy.
 l - a +0 helmet (worn)
Jewellery
 b - a ring of see invisible (left hand)
 h - a ring of fire
 k - the ring "Letyh" (right hand) {*Slow rF+ rN+ Str+3 Int+6}
   (You acquired it on level 3 of the Dungeon)

   [ring of intelligence]

   Str:       It affects your strength (+3).
   Int:       It affects your intelligence (+6).
   rF:        It protects you from fire.
   rN:        It protects you from negative energy.
   *Slow:     It may slow you when you take damage.
 n - an amulet of the acrobat (around neck)
 o - a ring of positive energy
Potions
 a - a potion of haste {unknown}
 d - a potion of might
 f - a potion of cancellation {unknown}
 g - a potion of resistance {unknown}
 i - a potion of brilliance {unknown}
 m - a potion of enlightenment {unknown}
 p - a potion of berserk rage {unknown}

Dungeon Overview and Level Annotations

Branches:
Dungeon (4/15)             Temple (1/1) D:4

Altars:
Ashenzari
Cheibriados
Dithmenos
Gozag
Hepliaklqana
Makhleb
Nemelex Xobeh
Okawaru
Sif Muna
Trog
Uskayaw
Wu Jian
Xom
Yredelemnul
The Shining One


Message History

The orc closely misses you.
You feel less confused.
The giant cockroach bites you but does no damage.
The orc wizard barely misses you. The orc hits you but does no damage.
The orc priest barely misses you.
You barely miss the orc.
The orc is severely wounded.
You barely miss the worm. You hit the giant cockroach.
You freeze the giant cockroach.
You kill the giant cockroach!
Okawaru accepts your kill.
You hit the orc priest but do no damage.
You hit the orc wizard.
The orc wizard looks even sicker.
The orc priest barely misses you. The orc hits you but does no damage.
The orc wizard hits you but does no damage.
The worm bites you but does no damage.
You miss the orc wizard.
The orc wizard is severely wounded.
You slash the worm! You burn the worm. You hit the orc.
The orc changes into a shapeshifter!
You barely miss the orc. You closely miss the orc priest.
The shapeshifter changes into a manticore!
The orc priest hits you but does no damage.
The orc wizard casts a spell at you. The puff of flame hits you. You resist.
The orc barely misses you. The worm bites you but does no damage.
You slice the orc wizard!!
You kill the orc wizard!
Okawaru accepts your kill.
You hit the worm but do no damage. You hit the manticore but do no damage.
You hit the orc but do no damage.
The orc suddenly seems more resistant.
You closely miss the orc priest. The orc hits you with a +0 club.
The orc priest hits you but does no damage.
The manticore bites you but does no damage.
The manticore claws you but does no damage.
You block the manticore's attack. The orc hits you but does no damage.
The orc priest invokes the aid of Beogh against you.
You are unaffected.
The worm bites you.
You die...

...#.#......### ###.. .#
#...#.#.......+ #....
..# ..#.#........# #....
....#..#.#.......# #.###
....$.#.#........# #.# #
...<.#.#.#.......# #.###
....#.#.#........# #....
......wo.........# #..}.
......H@.........# #....
......o).##.############
.............. ..# #
.........#.###. ...###
.........#.# # ......
#........# # ......
########## ...... ......
#.#...


You could see a manticore shaped shifter, a worm, an orc priest (agile) and an
orc (resistant).

Vanquished Creatures
  2 scorpions
  2 orc priests
  2 orc wizards (D:4)
  3 adders (D:2)
  A gnoll (D:1)
  A worm (D:2)
  6 orcs
  5 ball pythons
  7 endoplasms
  A giant cockroach (D:4)
  3 goblins (D:1)
  5 hobgoblins
  2 jackals (D:2)
  5 quokkas
  3 bats (D:1)
  A frilled lizard (D:2)
  5 kobolds
  7 rats
61 creatures vanquished.

Notes
Turn   | Place    | Note
-------+----------+-------------------------------------------
     0 | D:1      | qw the Gargoyle Fighter began the quest for the Orb.
     0 | D:1      | Reached XP level 1. HP: 14/14 MP: 1/1
     0 | D:1      | 0 ||| qw: Version: 0.3-a-46-gb1f654a
     0 | D:1      | 0 ||| qw: Game counter: 928
     0 | D:1      | 0 ||| qw: Melee chars always use a shield: true
     0 | D:1      | 0 ||| qw: God list: Okawaru
     0 | D:1      | 0 ||| qw: Allow faded altars: false
     0 | D:1      | 0 ||| qw: Do Orc after clearing Dungeon:15 true
     0 | D:1      | 0 ||| qw: Do second Lair branch before Depths: true
     0 | D:1      | 0 ||| qw: Lair rune preference: random
     0 | D:1      | 0 ||| qw: Goals: Normal, Zot:1-4, Slime:5, God:TSO, Crypt,
                  | Tomb, Abyss, Pan, Hells, Win
     0 | D:1      | 0 ||| PLANNING D:1-11
    45 | D:1      | Reached skill level 2 in Axes
   169 | D:1      | Reached XP level 2. HP: 19/19 MP: 2/2
   264 | D:1      | 264 ||| Stepping ~*~*~tactically~*~*~ (stealth).
   266 | D:1      | 266 ||| Stepping ~*~*~tactically~*~*~ (stealth).
   275 | D:1      | 275 ||| Stepping ~*~*~tactically~*~*~ (stealth).
   364 | D:1      | 364 ||| DROPPING +0 club.
   396 | D:1      | Reached skill level 3 in Axes
   444 | D:1      | Reached XP level 3. HP: 20/23 MP: 3/3
   520 | D:1      | 520 ||| DROPPING +0 whip.
   602 | D:1      | Found a faded altar of an unknown god.
   964 | D:1      | 964 ||| UPGRADING to ring of positive energy.
   965 | D:1      | 965 ||| READING scroll labelled KEMUHAN VAUS.
   966 | D:1      | 966 ||| READING scroll labelled XAJINA LIOZ.
   967 | D:1      | 967 ||| READING scroll labelled NUXKUCEACY.
   968 | D:1      | 968 ||| READING scroll labelled SAOMY JYCHIEMP.
  1215 | D:2      | Reached XP level 4. HP: 24/28 MP: 4/4
  1263 | D:2      | 1263 ||| DRINKING 2 glowing pink potions.
  1270 | D:2      | 1270 ||| DROPPING potion of ambrosia.
  1346 | D:3      | 1346 ||| STAIRDANCE
  1353 | D:2      | Reached skill level 4 in Axes
  1412 | D:3      | 1412 ||| STAIRDANCE
  1604 | D:3      | 1604 ||| Stepping ~*~*~tactically~*~*~ (hiding).
  1615 | D:3      | HP: 4/28 [orc/+0 mace (5)]
  1616 | D:3      | 1616 ||| READING scroll of teleportation.
  1648 | D:3      | 1648 ||| Stepping ~*~*~tactically~*~*~ (stealth).
  1746 | D:3      | 1746 ||| DROPPING +0 mace.
  1747 | D:3      | 1747 ||| UPGRADING to +0 helmet.
  1752 | D:3      | 1752 ||| READING 2 scrolls labelled JAPPIHYESH.
  1753 | D:3      | 1753 ||| READING scroll labelled HUVVIOF REUNT.
  1754 | D:3      | 1754 ||| READING 3 scrolls labelled ZAGU HEUSOHIM.
  1754 | D:3      | Identified 3 scrolls of acquirement
  1754 | D:3      | 1754 ||| ACQUIRING amulet of the acrobat
  1754 | D:3      | Acquired an amulet of the acrobat
  1755 | D:3      | 1755 ||| READING 2 scrolls of acquirement.
  1755 | D:3      | 1755 ||| ACQUIRING ring "Letyh" {*Slow rF+ rN+ Str+3 Int+6}
  1755 | D:3      | Acquired the ring "Letyh" {*Slow rF+ rN+ Str+3 Int+6}
  1756 | D:3      | 1756 ||| READING scroll of acquirement.
  1756 | D:3      | 1756 ||| ACQUIRING +15 crystal plate armour "Guofacogao"
                  | {rC- MP+9 Stlth+}
  1756 | D:3      | Acquired the +15 crystal plate armour "Guofacogao" {rC-
                  | MP+9 Stlth+}
  1757 | D:3      | 1757 ||| DROPPING scroll of immolation.
  1764 | D:3      | 1764 ||| STAIRDANCE
  1838 | D:2      | Reached XP level 5. HP: 30/32 MP: 5/5
  2006 | D:3      | Reached skill level 5 in Axes
  2210 | D:3      | 2210 ||| UPGRADING to +15 crystal plate armour "Guofacogao"
                  | {rC- MP+9 Stlth+}.
  2220 | D:3      | 2220 ||| DROPPING +0 scale mail.
  2285 | D:3      | 2285 ||| UPGRADING to amulet of the acrobat.
  2290 | D:3      | 2290 ||| UPGRADING to ring "Letyh" {*Slow rF+ rN+ Str+3
                  | Int+6}.
  2291 | D:3      | 2291 ||| READING scroll labelled LEKEHO ECUAST.
  2292 | D:3      | 2292 ||| READING scroll labelled XIORGHA VAENNYE.
  2407 | D:4      | Found a hide-covered altar of Uskayaw.
  2407 | D:4      | Found a snail-covered altar of Cheibriados.
  2418 | D:4      | Found a bloodstained altar of Trog.
  2420 | D:4      | Found a faded altar of an unknown god.
  2424 | D:4      | Found a sparkling altar of Nemelex Xobeh.
  2465 | D:4      | Found a staircase to the Ecumenical Temple.
  2466 | D:4      | 2466 ||| PLANNING TEMPLE
  2466 | D:4      | 2466 ||| UPGRADING to ring of see invisible.
  2468 | D:4      | 2468 ||| READING scroll labelled WEJEGYSINEI.
  2478 | D:4      | Reached XP level 6. HP: 32/37 MP: 6/6
  2500 | Temple   | Entered the Ecumenical Temple
  2505 | Temple   | 2505 ||| PLANNING OKAWARU WORSHIP
  2674 | Temple   | Became a worshipper of Warmaster Okawaru
  2675 | Temple   | 2675 ||| PLANNING D:1-11
  2737 | D:4      | Found a glowing golden altar of the Shining One.
  2862 | D:4      | 2862 ||| READING scroll of brand weapon.
  2862 | D:4      | 2862 ||| BRANDING +0 war axe of electrocution.
  2888 | D:4      | HP: 3/38 [orc priest/divine providence (16)]
  2892 | D:4      | an orc changed into a shapeshifter
  2892 | D:4      | Noticed a shapeshifter (shapeshifter)
  2892 | D:4      | a shapeshifter changed into a manticore
  2892 | D:4      | Noticed a manticore (shapeshifter)
  2893 | D:4      | HP: 3/38 [orc/+0 club (1)]
  2893 | D:4      | Slain by a worm

Levels and vault maps discovered:
D:1:      dpeg_arrival_boxorama, layout_loops_corners,
          hellmonk_ecumenical_altar_pennies_from_heaven, minmay_misc_feat_tower,
          minivault_4, amcnicky_mini_rare_corridor_liquid,
          chequers_serial_rivers_micro_c
D:2:      kennysheep_big_flooded_room, layout_loops_cross
D:3:      layout_rooms
D:4:      layout_basic, chequers_temple_overflow_minitemple, tso_altar,
          mainiacjoe_overflow_alcove_3, minmay_temple_entry_junction,
          minmay_misc_feat_secret_circle
Temple:   nicolae_temple_bog_church

Skill      XL: |  1  2  3  4  5  6 |
---------------+-------------------+-----
Axes           | 2 3 4 5 |  5.1
Armour         | 4 |  4.2
Fighting       | 4 |  4.0
Shields        | |  3.2

Action                     |  1- 3 |  4- 6 || total
---------------------------+-------+-------++-------
  Melee: War axe           |    79 |    75 ||   154
    Use: Scroll            |     4 |    10 ||    14
         Potion            |       |     1 ||     1
 Armour: Scale mail        |    29 |    32 ||    61
         Crystal plate arm |       |    64 ||    64
  Dodge: Dodged            |    36 |    59 ||    95
  Block: Buckler           |    13 |    13 ||    26

Table legend:
 A = Non-vault XP
 B = Vault XP
 C = Vault XP percentage of total XP
 D = Non-vault monster count
 E = Vault monster count
 F = Vault count percentage of total count
                 A         B        C        D         E       F
            +---------+---------+-------+---------+---------+-------
      Total |     462 |       0 |   0.0 |      61 |       0 |   0.0
            +---------+---------+-------+---------+---------+-------
        D:1 |      59 |       0 |   0.0 |      30 |       0 |   0.0
        D:2 |      55 |       0 |   0.0 |      10 |       0 |   0.0
        D:3 |     137 |       0 |   0.0 |       7 |       0 |   0.0
        D:4 |     211 |       0 |   0.0 |      14 |       0 |   0.0
            +---------+---------+-------+---------+---------+-------
